 Dungeon Crawl Stone Soup version 0.30.0-29-ga12c61a403 (webtiles) character file.

Game seed: 945072516902621576

113049 howech the Severer (level 16, -5/151 HPs)
             Began as a Minotaur Gladiator on June 14, 2023.
             Was a High Priest of Trog.
             Slain by a broodmother (6 damage)
             ... on level 3 of the Spider Nest on June 15, 2023.
             The game lasted 02:09:10 (25245 turns).

howech the Severer (Minotaur Gladiator)            Turns: 25245, Time: 02:09:10

Health: -5/151     AC: 26    Str: 30    XL:     16   Next: 13%
Magic:  15/15      EV:  7    Int:  7    God:    Trog [*****.]
Gold:   1228       SH:  0    Dex: 13    Spells: 15/15 levels left

rFire   . . .        a - +3 broad axe (heavy)
rCold   . . .        q - +0 kite shield {reflect}
rNeg    + . .        Y - +7 chain mail of Suereoge {Rampage rPois rN+}
rPois   +            U - +2 hat
rElec   .            v - +0 cloak
rCorr   .            m - +0 pair of gloves
SInv    +            Z - +1 pair of boots
Will    +....        E - amulet of reflection Stlth
                     O - +6 ring of strength
HPRegen 0.45/turn    g - ring of see invisible
MPRegen 0.14/turn

%: reflection, rampage
@: confused, held
A: horns 2, retaliatory headbutt
a: Renounce Religion, Berserk, Trog's Hand, Brothers in Arms


You were on level 3 of the Spider Nest.
You worshipped Trog.
Trog was extremely pleased with you.
You visited 4 branches of the dungeon, and saw 20 of its levels.
You also visited: Sewer, Ossuary and Gauntlet.

You collected 1768 gold pieces.
You spent 540 gold pieces at shops.

Inventory:

Hand Weapons
 a - a +3 heavy broad axe (weapon)
 b - a +1 scimitar of flaming
 j - a +0 broad axe
Missiles
 c - 4 silver javelins
 d - 3 curare-tipped darts
 A - 11 poisoned darts (quivered)
 D - a throwing net
 I - 11 boomerangs
 M - 2 javelins
Armour
 m - a +0 pair of gloves (worn)
 p - the +10 plate armour of Failure {Harm rF+++ rC- Str+3}
   (You found it on level 5 of the Lair of Beasts)

   Str:       It affects your strength (+3).
   rF:        It renders you almost immune to fire.
   rC:        It makes you vulnerable to cold.
   Harm:      It increases damage dealt and taken.
 q - a +0 kite shield of reflection (worn)
 v - a +0 cloak (worn)
 B - a +1 buckler of cold resistance
 U - a +2 hat (worn)
 Y - the +7 chain mail of Suereoge (worn) {Rampage rPois rN+}
   (You found it on level 5 of the Lair of Beasts)

   rPois:     It protects you from poison.
   rN:        It protects you from negative energy.
   Rampage:   It bestows one free step when moving towards enemies.
 Z - a +1 pair of boots (worn)
Jewellery
 g - a ring of see invisible (right hand)
 E - an amulet of reflection (around neck)
 O - a +6 ring of strength (left hand)
 X - a ring of flight
Wands
 e - a wand of polymorph (23)
 o - a wand of acid (11)
 t - a wand of paralysis (7)
 u - a wand of digging (7)
 J - a wand of mindburst (7)
 N - a wand of iceblast (19)
 Q - a wand of flame (32)
Scrolls
 k - 3 scrolls of enchant weapon
 l - 5 scrolls of enchant armour
 y - a scroll of identify
 G - 6 scrolls of magic mapping
 H - 2 scrolls of teleportation
 L - 2 scrolls of silence
 R - 4 scrolls of fear
 S - a scroll of summoning
 V - 4 scrolls of fog
Potions
 f - a potion of magic
 h - 3 potions of cancellation
 i - a potion of heal wounds
 n - 6 potions of might
 s - 5 potions of haste
 x - 2 potions of ambrosia
 z - 6 potions of curing
 C - 5 potions of flight
 F - 5 potions of berserk rage
 K - 4 potions of resistance
 T - a potion of invisibility
Miscellaneous
 r - a condenser vane
 w - a phantom mirror


   Skills:
 + Level 15.8 Fighting
 - Level 18.0 Axes
 - Level 8.3 Staves
 - Level 5.0 Throwing
 + Level 11.3 Armour
 + Level 11.1 Dodging
 + Level 11.3 Shields
 + Level 10.8 Evocations


You had 15 spell levels left.
You didn't know any spells.
Your spell library contained the following spells:

 Spells                   Type           Power      Damage    Failure   Level
 Summon Guardian Golem    Hex/Summ       0%         N/A       100%        3
 Tukima's Dance           Hex            0%         N/A       100%        3
 Airstrike                Air            0%         2d(0-16)  100%        4
 Arcjolt                  Conj/Air       0%         1d10      100%        5


Dungeon Overview and Level Annotations

Branches:
Dungeon (11/15)            Temple (1/1) D:4            Lair (5/5) D:10
  Swamp (0/4) Lair:2       Spider (3/4) Lair:3        Slime (0/5) Lair:5
    Orc (0/2) D:10          Sewer (visited)         Ossuary (visited)
Gauntlet (visited)

Altars:
Ashenzari
Cheibriados
Dithmenos
Elyvilon
Fedhas
Gozag
Hepliaklqana
Kikubaaqudgha
Makhleb
Nemelex Xobeh
Okawaru
Qazlal
Ru
Sif Muna
Trog
Uskayaw
Vehumet
Wu Jian
Xom
Yredelemnul
Zin
The Shining One
Jiyva

Shops:
D:4 =   D:7 *(*=   D:8 :


Innate Abilities, Weirdness & Mutations

You have a pair of horns on your head.
You reflexively headbutt those who attack you in melee.


Message History

You block the moth of wrath's attack.
The wolf spider hits you but does no damage.
The wolf spider bites you!
The demonic crawler gives a hideous shriek!
You hit the broodmother. You headbutt the broodmother!
The broodmother is heavily wounded.
You hit the wolf spider but do no damage.
You closely miss the tarantella. You slash the wolf spider!
You kill the wolf spider!
Trog accepts your kill.
You slice the moth of wrath!!
You kill the moth of wrath!
Trog accepts your kill. You block the broodmother's attack.
The tarantella touches you!!
You are confused.
The broodmother barely misses you. The jumping spider barely misses you.
The jumping spider bites you but does no damage.
The tarantella touches you!
You are more confused.
The wolf spider hits you but does no damage.
The wolf spider bites you but does no damage.
The tarantella touches you but does no damage.
You open the broodmother like a pillowcase!!!
The broodmother is almost dead.
You slash the jumping spider! You completely miss the wolf spider.
You miss the tarantella. You closely miss the tarantella.
You hear a faint skittering sound.
The jumping spider pounces on you!
You are caught in a web!
The jumping spider barely misses you. The tarantella barely misses you.
The broodmother bites you!!
* * * LOW HITPOINT WARNING * * *
The jumping spider pounces on you but does no damage.
The jumping spider bites you but does no damage.
The tarantella touches you!!
* * * LOW HITPOINT WARNING * * *
You are more confused.
The wolf spider hits you but does no damage.
The wolf spider bites you but does no damage.
The broodmother bites you.
You die... #............# ...^.........#..†.#..## ..?>#....#.#.........# .#.. .(......^...#...#..... .#.. ^.#...#.^.##...^^..## ...# #(.s.##..#.....#..^. .... # #^.s...^..^#^#.#.... #... #ss

####.sss..#......#....#
....
~≈≈≈#^#s.s@....#..........#
....
≈≈#......s..##......##....#
##.. #.......^.#.#......##
...## ......s.######.....#
#### .^#^#.H^# #...^###
..s....# #...## # ..##.....
##### .~..... . .#.....


You could see a broodmother (berserk), a jorogumo, a demonic crawler, 2 wolf
spiders, an orb spider (charged), 2 jumping spiders and 3 tarantellas.

Vanquished Creatures
  Donald (Spider:1)
  Roxanne (Spider:1)
  An emperor scorpion (Spider:1)
  A ghost moth (Spider:1)
  A broodmother (Spider:2)
  A minotaur (Gauntlet)
  A fire dragon (D:10)
  Josephine (Spider:1)
  An entropy weaver (Spider:2)
  The ghost of safid the Frost Mage, a journeyman MfIE of Vehumet (Lair:1)
  A hell beast (Gauntlet)
  2 catoblepae
  6 hydras
  Erica (D:8)
  3 radroaches
  3 boulder beetles
  A two-headed ogre (D:9)
  11 death yaks
  A soul eater (Gauntlet)
  4 pharaoh ants
  A skyshark (Lair:4)
  9 orb spiders
  4 lindwurms (Lair:5)
  3 steelbarb worms (Spider:1)
  2 oklob plants
  14 wolf spiders
  2 moths of wrath (Spider:3)
  8 elephants
  5 demonic crawlers
  A torpor snail (Spider:1)
  4 black mambas
  2 gargoyles
  2 rime drakes (Lair:3)
  20 cane toads
  5 komodo dragons
  3 burning bushes (Lair:2)
  19 tarantellas
  4 tyrant leeches
  3 trolls
  A raiju (Gauntlet)
  10 dream sheep
  16 blink frogs
  21 jumping spiders
  14 culicivoras
  5 wraiths
  2 basilisks
  2 wyverns
  24 yaks
  5 steam dragons
  25 redbacks
  5 vampire mosquitoes
  Menkaure (D:4)
  2 wargs (D:10)
  2 hell hounds (Gauntlet)
  An acid dragon (D:10)
  12 water moccasins
  Pargi (Sewer)
  4 ice beasts
  7 orc warriors
  2 sky beasts
  2 black bears
  3 ogres
  4 centaurs
  2 phantoms
  A kobold brigand (D:8)
  13 bullfrogs
  2 gnoll sergeants
  38 scorpions
  2 water moccasin zombies (Ossuary)
  6 wights
  23 killer bees
  3 electric eels
  3 howler monkeys (D:8)
  5 hounds
  2 gnoll boudas
  2 jellies
  8 orc priests
  A sleepcap (D:7)
  Crazy Yiuf (D:3)
  Ijyb (D:5)
  5 iguanas
  16 orc wizards
  3 mummies
  17 gnolls
  7 adders
  2 shadow imps (Gauntlet)
  2 white imps
  An ufetubus (D:6)
  5 adder zombies (Ossuary)
  A worm (D:4)
  7 dart slugs
  84 orcs
  6 ball pythons
  9 bats
  5 endoplasms
  6 giant cockroaches
  3 gnoll zombies (Ossuary)
  10 goblins
  5 hobgoblins
  3 quokkas
  4 frilled lizards
  6 hobgoblin zombies (Ossuary)
  12 kobolds
  4 kobold zombies (Ossuary)
  6 orc zombies (Ossuary)
  6 rats
673 creatures vanquished.

Vanquished Creatures (collateral kills)
  A dancing weapon (Lair:1)
  A jumping spider (Spider:1)
  A culicivora (Spider:1)
3 creatures vanquished.

Vanquished Creatures (others)
  An orc (D:10)
1 creature vanquished.

Grand Total: 677 creatures vanquished

Notes
Turn   | Place    | Note
-------+----------+-------------------------------------------
     0 | D:1      | howech the Minotaur Gladiator began the quest for the Orb.
     0 | D:1      | Reached XP level 1. HP: 18/18 MP: 0/0
   183 | D:1      | Reached XP level 2. HP: 25/25 MP: 1/1
   685 | D:2      | Reached XP level 3. HP: 30/30 MP: 2/2
   801 | D:2      | Reached skill level 1 in Armour
   801 | D:2      | Reached skill level 1 in Shields
  1080 | D:2      | Found a burning altar of Makhleb.
  1194 | D:2      | Reached skill level 1 in Evocations
  1194 | D:2      | Reached XP level 4. HP: 36/38 MP: 3/3
  1546 | D:3      | Identified the +5 scale mail of Cynicism {Harm}
  1704 | D:3      | Reached XP level 5. HP: 41/45 MP: 4/4
  1735 | D:3      | Found a faded altar of an unknown god.
  1761 | D:3      | Found a runed translucent door.
  1762 | D:3      | Noticed Crazy Yiuf
  2465 | D:3      | Identified the +4 ring mail "Qyis" {Str+3}
  2870 | D:4      | Found a staircase to the Ecumenical Temple.
  2877 | Temple   | Entered the Ecumenical Temple
  2937 | Temple   | Became a worshipper of Trog the Wrathful
  3331 | D:4      | Found Feprereb's Jewellery Shoppe.
  3432 | D:4      | Found a glowing drain.
  3445 | Sewer    | Entered a sewer
  3466 | Sewer    | Noticed Pargi
  3477 | Sewer    | Killed Pargi
  3478 | Sewer    | Reached skill level 5 in Staves
  3478 | Sewer    | Reached XP level 6. HP: 41/51 MP: 5/5
  3530 | Sewer    | Got the Spellbook of Gases and the Jinx
  3820 | D:4      | Noticed an ice beast
  3964 | D:4      | Killed an ice beast
  4027 | D:4      | Noticed Menkaure
  4031 | D:4      | Killed Menkaure
  4032 | D:4      | Reached XP level 7. HP: 52/59 MP: 6/6
  4245 | D:5      | Entered Level 5 of the Dungeon
  4268 | D:5      | Noticed Ijyb
  4289 | D:5      | Killed Ijyb
  4399 | D:5      | Reached * piety under Trog
  4400 | D:5      | Reached XP level 8. HP: 38/67 MP: 7/7
  4558 | D:5      | Found a sand-covered staircase.
  4571 | Ossuary  | Entered an ossuary
  4862 | Ossuary  | Reached skill level 5 in Dodging
  4921 | Ossuary  | Reached ** piety under Trog
  5056 | D:5      | Reached skill level 5 in Fighting
  5056 | D:5      | Reached skill level 1 in Axes
  5307 | D:5      | Found a radiant altar of Vehumet.
  5314 | D:5      | Reached skill level 2 in Axes
  5702 | D:6      | Reached skill level 3 in Axes
  5850 | D:6      | Reached XP level 9. HP: 45/74 MP: 8/8
  6103 | D:6      | Reached skill level 5 in Shields
  6304 | D:6      | Reached skill level 4 in Axes
  6304 | D:6      | Reached skill level 5 in Armour
  6960 | D:6      | Reached *** piety under Trog
  7038 | D:7      | Reached skill level 5 in Throwing
  7243 | D:7      | Reached skill level 5 in Axes
  7532 | D:7      | Found Latzeej's Jewellery Shoppe.
  7625 | D:7      | Found Bilin's Assorted Antiques.
  7678 | D:7      | Found Xuwonlub's Weapon Shoppe.
  8009 | D:7      | Found Perphac's Assorted Antiques.
  8016 | D:7      | Reached skill level 6 in Axes
  8252 | D:7      | Reached skill level 13 in Axes
  8252 | D:7      | Reached XP level 10. HP: 84/84 MP: 9/9
  8253 | D:7      | Reached skill level 16 in Axes
  8253 | D:7      | Reached XP level 11. HP: 91/91 MP: 10/10
  8254 | D:7      | Reached skill level 18 in Axes
  8254 | D:7      | Reached XP level 12. HP: 97/97 MP: 11/11
  8531 | D:8      | Reached **** piety under Trog
  8535 | D:8      | Found Goxzisuv's Book Emporium.
  8766 | D:8      | Noticed Erica
  8783 | D:8      | Killed Erica
  9384 | D:9      | Found a blossoming altar of Fedhas.
  9460 | D:9      | Reached XP level 13. HP: 102/104 MP: 12/12
  9882 | D:9      | Found a hazy altar of Hepliaklqana.
  9883 | D:9      | Found a faded altar of an unknown god.
  9955 | D:9      | Found a broken altar of Ashenzari.
 10212 | D:3      | Killed Crazy Yiuf
 10459 | D:10     | Entered Level 10 of the Dungeon
 10674 | D:10     | Found a staircase to the Lair.
 10816 | D:7      | Bought an amulet of reflection for 360 gold pieces
 11511 | D:10     | Noticed a fire dragon
 11611 | D:10     | Killed a fire dragon
 11713 | D:10     | Reached ***** piety under Trog
 11868 | D:10     | Found a staircase to the Orcish Mines.
 11905 | Lair:1   | Entered Level 1 of the Lair of Beasts
 11971 | Lair:1   | Found a runed translucent door.
 11972 | Lair:1   | Found a shimmering altar of Xom.
 11972 | Lair:1   | Noticed safid's ghost (journeyman MfIE)
 11974 | Lair:1   | Found a gate leading to a gauntlet.
 11983 | Gauntlet | Entered a Gauntlet
 11983 | Gauntlet | Found a transporter.
 11983 | Gauntlet | Found a transporter.
 11987 | Gauntlet | Found a transporter.
 11987 | Gauntlet | Found a transporter.
 11995 | Gauntlet | Found a transporter.
 12024 | Gauntlet | Found a transporter.
 12030 | Gauntlet | Found a large runed translucent door.
 12031 | Gauntlet | Found a large runed translucent door.
 12032 | Gauntlet | Found a transporter.
 12032 | Gauntlet | Found a large runed translucent door.
 12033 | Gauntlet | Found a runed translucent gate.
 12033 | Gauntlet | Found a large runed translucent door.
 12034 | Gauntlet | Found a transporter.
 12034 | Gauntlet | Found a runed translucent gate.
 12034 | Gauntlet | Found a transporter.
 12034 | Gauntlet | Found a large runed translucent door.
 12034 | Gauntlet | Found a large runed translucent door.
 12034 | Gauntlet | Found a runed translucent door.
 12035 | Gauntlet | Found a runed translucent gate.
 12035 | Gauntlet | Found a runed translucent door.
 12035 | Gauntlet | Found a large runed translucent door.
 12036 | Gauntlet | Found a large runed translucent door.
 12038 | Gauntlet | Found a transporter.
 12043 | Gauntlet | Found a large runed translucent door.
 12043 | Gauntlet | Found a large runed translucent door.
 12044 | Gauntlet | Found a large runed translucent door.
 12045 | Gauntlet | Found a large runed translucent door.
 12054 | Gauntlet | Found a large runed translucent door.
 12054 | Gauntlet | Found a large runed translucent door.
 12072 | Gauntlet | Found a transporter.
 12098 | Gauntlet | Found a transporter.
 12132 | Gauntlet | Found a transporter.
 12146 | Gauntlet | Found a transporter.
 12161 | Gauntlet | Found a large runed translucent door.
 12162 | Gauntlet | Found a large runed translucent door.
 12269 | Gauntlet | Found a transporter.
 12290 | Gauntlet | Found a transporter.
 12648 | Gauntlet | Noticed a minotaur
 12694 | Gauntlet | Killed a minotaur
 13681 | Lair:1   | Killed safid's ghost
 14400 | Lair:2   | Identified the +1 dagger of Ylly {drain, *Slow rElec Str+3}
 14612 | Lair:2   | Identified the +6 flail of Evil {pain, rElec rPois rC+
                  | MP+9}
 14920 | Lair:2   | Found a staircase to the Swamp.
 15760 | Lair:3   | Found a hole to the Spider Nest.
 16140 | Lair:3   | Reached XP level 14. HP: 118/118 MP: 13/13
 17504 | Lair:4   | Reached skill level 10 in Fighting
 17740 | Lair:5   | Entered Level 5 of the Lair of Beasts
 18992 | Lair:5   | Found a viscous altar of Jiyva.
 18992 | Lair:5   | Found a staircase to the Slime Pits.
 19497 | Lair:5   | Reached skill level 10 in Armour
 19544 | Lair:5   | Reached skill level 10 in Shields
 19705 | Lair:5   | Identified the +7 chain mail of Suereoge {Rampage rPois
                  | rN+}
 19803 | Lair:5   | Identified the +0 plate armour of the Jackalope {Will+
                  | Str+3}
 19841 | Lair:5   | Reached skill level 10 in Dodging
 20251 | Lair:5   | Reached skill level 10 in Evocations
 20272 | Lair:5   | Reached XP level 15. HP: 109/134 MP: 14/14
 20538 | Lair:5   | Identified the +7 flail of Integrity {freeze, rF+ rCorr
                  | Dex+3}
 20543 | Lair:5   | Identified the +10 plate armour of Failure {Harm rF+++ rC-
                  | Str+3}
 20940 | Spider:1 | Entered Level 1 of the Spider Nest
 21725 | D:7      | Bought a ring of see invisible for 180 gold pieces
 22062 | Spider:1 | Noticed Roxanne
 22273 | Spider:1 | Reached skill level 15 in Fighting
 22317 | Spider:1 | Noticed Donald
 22329 | Spider:1 | Killed Donald
 22542 | Spider:1 | Received a gift from Trog
 22683 | Spider:1 | Noticed Josephine
 22841 | Spider:1 | Killed Josephine
 22897 | Spider:1 | Noticed an emperor scorpion
 22910 | Spider:1 | Killed an emperor scorpion
 22915 | Spider:1 | HP: 7/141 [demonic crawler (5)]
 23409 | Spider:1 | Killed Roxanne
 24460 | Spider:2 | Reached XP level 16. HP: 148/150 MP: 15/15
 25245 | Spider:3 | HP: 1/151 [tarantella (21)]
 25245 | Spider:3 | Slain by a broodmother

Illustrated notes

Levels and vault maps discovered:
D:1:      onia_arrival_mini_spirals, layout_loops_ring
D:2:      minmay_chambers_of_twos, layout_basic, basic_altar
D:3:      layout_basic, dreamdust_ecumenical_altar_grove,
          uniq_crazy_yiuf_cottage
D:4:      kennysheep_six_static_rooms, layout_loops_ring,
          minmay_temple_entry_statues_pillars, serial_shops,
          nicolae_shop_tiny_glass, cheibrodos_sewer_entry_drain,
          nrook_loot_triangle, uniq_menkaure
D:5:      layout_rooms, old_standard_altar, gup_ossuary_entry_pyramid, uniq_ijyb
D:6:      layout_gridville
D:7:      layout_loops_cross, serial_shops, kennysheep_mini,
          nicolae_shop_rolling_square, nicolae_shop_hallway_stairs,
          nicolae_shop_back_alley_shop, hangedman_glass_teeth,
          hangedman_decor_push
D:8:      layout_cave_pods, serial_shops, nicolae_stop_n_shop_2,
          minmay_misc_feat_tiny, uniq_erica
D:9:      layout_rooms, beargit_hepliaklqana_dungeon_heroes, lemuel_tele_altar,
          mainiacjoe_overflow_alcove_1
D:10:     layout_roguey [special_room_orc], erik_lair_orcish_takeover,
          hiddenorc1_lemuel
D:11:     layout_cave_pods, okawaru_altar_gauntlet_db, uniq_harold, uniq_grum
Temple:   regret_index_temple_mists
Lair:1:   layout_cave_pods, gauntlet_entry_generic, ebering_ghost_xom,
          minivault_27
Lair:2:   layout_small_grid, swamp_mist, evilmike_ambush
          [evilmike_ambush_outer_basic, evilmike_ambush_inner_pond]
Lair:3:   layout_hall_layers, spider_nest_entry_funnel_web
Lair:4:   layout_cave_pods, kennysheep_catoblepas_arena
Lair:5:   minmay_lair_end_frog_pond, layout_concentric_octagons,
          dpeg_slime_entry_corner, minmay_lindwurm_lava
Spider:1: spiders_nest_a, hangedman_spider_tarantella_strand, uniq_roxanne,
          uniq_josephine, uniq_donald
Spider:2: layout_spider_delve
Spider:3: layout_spider_delve, uniq_jorgrun

Skill      XL: |  1  2  3  4  5  6  7  8  9 10 11 12 13 14 15 16 |
---------------+-------------------------------------------------+-----
Staves         | 4 5 6 7 8 |  8.3
Armour         | 1 2 3 4 5 8 10 11 | 11.3
Shields        | 1 2 3 4 5 8 10 11 | 11.3
Fighting       | 3 4 5 6 7 9 12 15 | 15.8
Evocations     | 1 2 3 4 6 8 10 | 10.8
Dodging        | 4 5 8 10 11 | 11.1
Throwing       | 3 4 5 |  5.0
Axes           | 3 13 16 18 | 18.0

Action                     |  1- 3 |  4- 6 |  7- 9 | 10-12 | 13-15 | 16-18 || total
---------------------------+-------+-------+-------+-------+-------+-------++-------
  Melee: Quarterstaff      |    81 |   112 |   295 |       |       |       ||   488
         Headbutt          |     5 |    19 |    52 |    29 |   306 |    15 ||   426
         Broad axe         |       |       |       |   126 |  1131 |    54 ||  1311
         Scimitar          |       |       |       |       |    34 |       ||    34
  Throw: Javelin           |       |     1 |     1 |       |     9 |       ||    11
         Throwing net      |       |     2 |     2 |       |       |       ||     4
         Dart              |       |       |     1 |       |    53 |    18 ||    72
         Boomerang         |       |       |       |       |   116 |       ||   116
 Invoke: Trog's Hand       |       |       |     2 |     1 |    29 |     1 ||    33
         Berserk           |       |       |       |       |     8 |       ||     8
         Brothers in Arms  |       |       |       |       |     2 |       ||     2
  Evoke: Wand              |       |       |       |       |    11 |     1 ||    12
         Condenser vane    |       |       |       |       |     1 |       ||     1
    Use: Scroll            |     3 |     8 |     9 |     2 |     5 |       ||    27
         Potion            |       |       |     2 |     7 |     5 |       ||    14
   Stab: Held in net/web   |       |     3 |     1 |       |     1 |       ||     5
         Petrified         |       |       |       |       |     1 |       ||     1
 Armour: Leather armour    |    25 |    43 |       |       |       |       ||    68
         Ring mail         |       |     9 |   103 |    40 |    29 |       ||   181
         Plate armour      |       |       |       |       |   221 |       ||   221
         Chain mail        |       |       |       |       |   273 |    48 ||   321
  Dodge: Dodged            |    48 |    78 |   139 |    59 |   375 |    46 ||   745
  Block: Kite shield       |       |       |       |    50 |   844 |    63 ||   957
         Reflection        |       |       |       |       |    13 |       ||    13
